 Dungeon Crawl Stone Soup version 0.31.0-32-g396128a36d (webtiles) character file.

Game seed: 1115697784354913270

4459 unlimited1921 the Magician (level 10, -3/74 HPs)
             Began as a Gnoll Fire Elementalist on Apr 21, 2024.
             Was a Follower of Fedhas.
             Slain by a wraith (9 damage)
             ... on level 8 of the Dungeon.
             The game lasted 00:58:46 (15492 turns).

unlimited1921 the Magician (GnFE)                  Turns: 15492, Time: 00:58:53

Health: -3/74      AC:  8    Str:  7    XL:     10   Next: 37%
Magic:  28/44      EV: 13    Int: 19    God:    Fedhas [*.....]
Gold:   458        SH:  5    Dex: 13    Spells: 7/23 levels left

rFire   + . .        K - +1 flail (protect)
rCold   . . .        c - +0 buckler
rNeg    . . .        H - +2 leather armour "Aphoa" {rF+}
rPois   .            (no helmet)
rElec   .            n - +0 cloak
rCorr   .            E - +0 pair of gloves
SInv    .            (no boots)
Will    .....        x
                       - Hermit's Pendant {Faith Invo=14 Evo=0 MP+5}
Stlth   +++          j - ring of magical power
HPRegen 0.32/turn    w - ring of magical power
MPRegen 0.29/turn

%: faith
@: no status effects
A: fangs 1, strong nose, distributed training
a: Renounce Religion


You were on level 8 of the Dungeon.
You worshipped Fedhas.
Fedhas was aware of your devotion.
You visited 2 branches of the dungeon, and saw 10 of its levels.

You collected 458 gold pieces.

Inventory:

Hand Weapons
 a - a +2 trident of draining
 F - a +0 short sword of freezing
 G - a +3 morningstar
 I - a +3 scimitar of freezing
 J - a +5 flail
 K - a +1 flail of protection (weapon)
 O - a +2 spear of venom
 P - a +4 great sword
 R - a +2 heavy flail
 S - a +4 war axe
Missiles
 h - 2 datura-tipped darts
 p - 3 boomerangs
Armour
 c - a +0 buckler (worn)
 f - an orb of energy
 l - the +0 robe of Xeschi Jawk {rCorr}
   (You found it on level 2 of the Dungeon)

   rCorr:     It protects you from acid and corrosion.
 n - a +0 cloak (worn)
 q - a +1 robe of willpower
 E - a +0 pair of gloves (worn)
 H - the +2 leather armour "Aphoa" (worn) {rF+}
   (You found it on level 6 of the Dungeon)

   rF+:       It protects you from fire.
Magical Staves
 k - a staff of air
Jewellery
 e - a ring of resist corrosion
 j - a ring of magical power (left hand)
 m - a ring of resist corrosion
 r - a ring of see invisible
 u - an amulet of guardian spirit
 w - a ring of magical power (right hand)
 x - the Hermit's Pendant (around neck) {Faith Invo=14 Evo=0 MP+5}
   (You found it on level 3 of the Dungeon)

   [amulet of faith]

   Invo=14: It sets your Invocations skill to 14.
   Evo=0: It sets your Evocations skill to 0.
   Faith:     It allows you to gain divine favour quickly.
   MP+5:      It affects your magic capacity (+5).
 C - an amulet of regeneration
 D - an amulet of reflection
Wands
 v - a wand of paralysis (4) (quivered)
Scrolls
 g - 3 scrolls of poison
 i - 3 scrolls of teleportation {unknown}
 o - 3 scrolls of enchant armour {unknown}
 t - 2 scrolls of immolation
 y - a scroll of amnesia
 A - 2 scrolls of enchant weapon
 L - a scroll of revelation {unknown}
 M - a scroll of vulnerability {unknown}
 Q - a scroll of blinking {unknown}
Potions
 b - a potion of magic
 d - 3 potions of heal wounds {unknown}
 s - a potion of cancellation
 z - a potion of might
 B - a potion of brilliance


   Skills:
 + Level 5.4 Fighting
 + Level 5.4 Short Blades
 + Level 5.4 Long Blades
 + Level 5.4 Axes
 + Level 5.4 Maces & Flails
 + Level 5.4 Polearms
 + Level 5.4 Staves
 + Level 5.4 Ranged Weapons
 + Level 5.4 Throwing
 + Level 5.4 Armour
 + Level 7.2 Dodging
 + Level 6.9 Stealth
 + Level 5.4 Shields
 + Level 5.4 Unarmed Combat
 + Level 7.4 Spellcasting
 + Level 5.0 Conjurations
 + Level 4.4 Hexes
 + Level 4.4 Summonings
 + Level 4.4 Necromancy
 + Level 4.4 Translocations
 + Level 7.1 Fire Magic
 + Level 4.4 Ice Magic
 + Level 4.4 Air Magic
 + Level 4.4 Earth Magic
 + Level 4.4 Alchemy
 + Level 6.0(14.0) Invocations
 + Level 5.4(0.0) Evocations
 + Level 4.9 Shapeshifting


You had 7 spell levels left.
You knew the following spells:

 Your Spells              Type           Power      Damage    Failure   Level
a - Foxfire               Conj/Fire      100%       2x1d9     1%          1
b - Scorch                Fire           68%        2d7       1%          2
c - Sting                 Conj/Alch      100%       1d9       3%          1
d - Inner Flame           Hex/Fire       29%        N/A       6%          3
e - Vampiric Draining     Necr           24%        2d7       10%         3
f - Teleport Other        Tloc           24%        N/A       10%         3
g - Frozen Ramparts       Ice            48%        1d8       10%         3

Your spell library contained the following spells:

 Spells                   Type           Power      Damage    Failure   Level
 Apportation              Tloc           48%        N/A       3%          1
 Necrotise                Necr           96%        1d8       3%          1
 Summon Small Mammal      Summ           96%        N/A       3%          1
 Lesser Beckoning         Tloc           48%        N/A       4%          2
 Volatile Blastmotes      Fire/Tloc      58%        2d14      6%          3
 Gell's Gravitas          Tloc           24%        N/A       10%         3
 Flame Wave               Conj/Fire      30%        2d9       17%         4
 Leda's Liquefaction      Alch/Erth      12%        N/A       32%         4
 Martyr's Knell           Necr/Summ      24%        N/A       32%         4
 Petrify                  Alch/Erth      24%        N/A       32%         4
 Curse of Agony           Necr           24%        N/A       67%         5
 Lee's Rapid Deconstruct  Erth           12%        3d8*      67%         5
 Metabolic Englaciation   Hex/Ice        12%        N/A       67%         5
 Bombard                  Conj/Erth      12%        9d3       99%         6


Dungeon Overview and Level Annotations

Branches:
Dungeon (9/15)             Temple (1/1) D:7
   Lair: D:8-11         Orc: D:9-12

Altars:
Ashenzari
Cheibriados
Dithmenos
Elyvilon
Fedhas
Gozag
Kikubaaqudgha
Makhleb
Nemelex Xobeh
Okawaru
Qazlal
Ru
Sif Muna
Trog
Uskayaw
Vehumet
Wu Jian
Xom
Yredelemnul
Zin
The Shining One

Shops:
D:1 *   D:6 (

Annotations:
D:5 Dowan, Duvessa


Innate Abilities, Weirdness & Mutations

You have very sharp teeth.
Your uncanny sense of smell can sniff out nearby items.
Your experience applies equally to all skills.


Message History

Aiming: Paralyse
Press: ? - help, Q - select action, (/) - cycle Shift-Dir - straight line, f/p - wraith
Aim: a wraith (almost destroyed, chance to affect: 17%)
The wraith resists with almost no effort.
The frozen ramparts melt away.
You block the wraith's attack.
You barely miss the wraith.
The wraith is almost destroyed.
The wraith completely misses you. The wraith misses you.
Casting: Sting (safe; 3% risk of failure)
Confirm with . or Enter, or press ? or * to list all spells.
Okay, then.
Unknown command.
You are too injured to fight recklessly!
Casting: Sting (safe; 3% risk of failure)
Confirm with . or Enter, or press ? or * to list all spells.
Okay, then.
Unknown command.
You hit the wraith but do no damage.
Your weapon exudes an aura of protection.
The wraith is almost destroyed.
The wraith hits you but does no damage. The wraith hits you!
* * * LOW HITPOINT WARNING * * *
The wraith drains your vigour!
You feel as though you will be slow longer.
Casting: Sting (safe; 3% risk of failure)
Confirm with . or Enter, or press ? or * to list all spells.
Flames lash the wraith.
The wraith is almost destroyed.
The wraith's fire resistance burns away.
The wraith hits you!
* * * LOW HITPOINT WARNING * * *
The wraith drains your vigour!
You feel as though you will be slow longer.
It was a potion of cancellation.
Your magical effects are unravelling.
You feel magically purged.
You feel yourself speed up. The wraith hits you!
You die...
Fedhas appreciates your contribution to the ecosystem.

########.######.# #.# #.#
#...#...# #.# #.#####.#####
#.#.###.# #.## #.##........#
####.#.# #.####..####.###.##.##.#
.....#.# #.....<........).##.##.#
.....#.#########.##..[##..##.##.#
......................)....#....#
......#......###W#.#####...######
##....'......'..@..# #.....#
#....#......#########.#..##
#....#......# #.......#
#....#......# #.#.###.#
#....#......# #.#.....#
#....#......#######.#######
#....#.....<........#
#....################ #....#


You could see a wraith (combustible).

Vanquished Creatures
  A two-headed ogre (D:6)
  Joseph (D:8)
  Jeremiah (D:6)
  A wyvern (D:8)
  Menkaure (D:6)
  2 black bears
  2 ice beasts
  2 orc warriors (D:7)
  4 sky beasts
  An ogre (D:6)
  4 bullfrogs
  12 wights
  3 killer bees (D:8)
  2 howler monkeys
  4 jellies
  A bombardier beetle (D:5)
  A gnoll bouda (D:4)
  4 hounds
  3 orc priests
  5 iguanas
  6 orc wizards
  12 gnolls
  8 adders
  A white imp (D:8)
  2 ufetubi (D:7)
  2 dart slugs (D:1)
  4 ribbon worms
  36 orcs
  8 endoplasms
  A giant cockroach (D:2)
  7 goblins
  8 hobgoblins
  6 jackals
  5 kobolds
  3 quokkas
  5 ball pythons
  7 bats
  4 frilled lizards
  3 rats
183 creatures vanquished.

Vanquished Creatures (collateral kills)
  A foxfire (D:6)
1 creature vanquished.

Vanquished Creatures (others)
  A human (D:6)
  770 foxfires
771 creatures vanquished.

Grand Total: 955 creatures vanquished

Notes
Turn   | Place    | Note
-------+----------+-------------------------------------------
     0 | D:1      | unlimited1921 the Gnoll Fire Elementalist began the quest
                  | for the Orb.
     0 | D:1      | Reached XP level 1. HP: 13/13 MP: 6/6
    42 | D:1      | Found Maagon Xedu's General Store.
   615 | D:1      | Reached XP level 2. HP: 19/19 MP: 3/7
  2028 | D:1      | Reached skill level 5 in Spellcasting
  2028 | D:1      | Reached XP level 3. HP: 25/25 MP: 3/9
  2548 | D:2      | Reached skill level 1 in Invocations
  2698 | D:2      | Reached skill level 1 in Fighting
  2698 | D:2      | Reached skill level 1 in Short Blades
  2698 | D:2      | Reached skill level 1 in Long Blades
  2698 | D:2      | Reached skill level 1 in Axes
  2698 | D:2      | Reached skill level 1 in Maces & Flails
  2698 | D:2      | Reached skill level 1 in Polearms
  2698 | D:2      | Reached skill level 1 in Staves
  2698 | D:2      | Reached skill level 1 in Ranged Weapons
  2698 | D:2      | Reached skill level 1 in Throwing
  2698 | D:2      | Reached skill level 1 in Armour
  2698 | D:2      | Reached skill level 1 in Shields
  2698 | D:2      | Reached skill level 1 in Unarmed Combat
  2698 | D:2      | Reached skill level 1 in Evocations
  2840 | D:2      | Reached skill level 1 in Shapeshifting
  2840 | D:2      | Reached XP level 4. HP: 32/32 MP: 11/11
  3086 | D:2      | Identified the +0 robe of Xeschi Jawk {rCorr}
  3461 | D:2      | Reached skill level 1 in Hexes
  3461 | D:2      | Reached skill level 1 in Summonings
  3461 | D:2      | Reached skill level 1 in Necromancy
  3461 | D:2      | Reached skill level 1 in Translocations
  3461 | D:2      | Reached skill level 1 in Ice Magic
  3461 | D:2      | Reached skill level 1 in Air Magic
  3461 | D:2      | Reached skill level 1 in Earth Magic
  3461 | D:2      | Reached skill level 1 in Alchemy
  4062 | D:2      | Found a faded altar of an unknown god.
  5804 | D:3      | Learned a level 2 spell: Scorch
  5806 | D:3      | Learned a level 1 spell: Sting
  5810 | D:3      | Learned a level 3 spell: Inner Flame
  6596 | D:3      | Found a faded altar of an unknown god.
  6596 | D:3      | Found the Hermit's Pendant {Faith Invo=14 Evo=0 MP+5}
  6602 | D:3      | Reached XP level 5. HP: 37/37 MP: 12/12
  7041 | D:3      | Found a shimmering altar of Xom.
  7042 | D:3      | Found a shimmering altar of Xom.
  7048 | D:3      | Found a shimmering altar of Xom.
  7050 | D:3      | Found a shimmering altar of Xom.
  7050 | D:3      | Found a shimmering altar of Xom.
  7906 | D:4      | Reached XP level 6. HP: 44/44 MP: 16/16
  7916 | D:4      | Reached skill level 5 in Dodging
  8563 | D:4      | Found a shadowy altar of Dithmenos.
  8909 | D:4      | Found a hide-covered altar of Uskayaw.
  9056 | D:4      | Reached XP level 7. HP: 50/50 MP: 17/17
  9277 | D:5      | Entered Level 5 of the Dungeon
  9290 | D:5      | Noticed Duvessa
  9292 | D:5      | Noticed Dowan
  9605 | D:5      | Reached skill level 5 in Stealth
 10597 | D:6      | Found a broken altar of Ashenzari.
 10652 | D:6      | Reached XP level 8. HP: 44/58 MP: 18/18
 10868 | D:6      | Identified the +2 leather armour "Aphoa" {rF+}
 10869 | D:6      | Noticed Jeremiah
 11196 | D:6      | Found a runed translucent door.
 11201 | D:6      | Found a basalt altar of Yredelemnul.
 11275 | D:6      | Killed Jeremiah
 11399 | D:6      | Found Boroxab's Weapon Shoppe.
 11577 | D:6      | Found a radiant altar of Vehumet.
 11660 | D:6      | Noticed a two-headed ogre
 11666 | D:6      | Killed a two-headed ogre
 11667 | D:6      | Reached XP level 9. HP: 65/65 MP: 19/19
 12411 | D:6      | Noticed Menkaure
 12414 | D:6      | Killed Menkaure
 12535 | D:7      | Reached skill level 5 in Invocations
 13315 | D:7      | Learned a level 3 spell: Vampiric Draining
 13369 | D:7      | Found a staircase to the Ecumenical Temple.
 13592 | Temple   | Entered the Ecumenical Temple
 13615 | Temple   | Became a worshipper of Fedhas Madash
 14067 | D:8      | Reached skill level 5 in Fighting
 14067 | D:8      | Reached skill level 5 in Short Blades
 14067 | D:8      | Reached skill level 5 in Long Blades
 14067 | D:8      | Reached skill level 5 in Axes
 14067 | D:8      | Reached skill level 5 in Maces & Flails
 14067 | D:8      | Reached skill level 5 in Polearms
 14067 | D:8      | Reached skill level 5 in Staves
 14067 | D:8      | Reached skill level 5 in Ranged Weapons
 14067 | D:8      | Reached skill level 5 in Throwing
 14067 | D:8      | Reached skill level 5 in Armour
 14067 | D:8      | Reached skill level 5 in Shields
 14067 | D:8      | Reached skill level 5 in Unarmed Combat
 14067 | D:8      | Reached skill level 5 in Evocations
 14067 | D:8      | Reached XP level 10. HP: 74/74 MP: 20/20
 14291 | D:8      | Found an ornate altar of the Wu Jian Council.
 14471 | D:8      | Reached * piety under Fedhas
 14674 | D:8      | Noticed Joseph
 14687 | D:8      | Killed Joseph
 15094 | D:8      | Reached skill level 5 in Conjurations
 15268 | D:8      | Learned a level 3 spell: Teleport Other
 15378 | D:8      | Learned a level 3 spell: Frozen Ramparts
 15492 | D:8      | Slain by a wraith

Illustrated notes

Levels and vault maps discovered:
D:1:      sevenhm_arrival_forest_fort_small_3, layout_rooms, serial_shops, shop,
          minmay_crystal_room
D:2:      layout_rooms, hellmonk_ecumenical_altar_inner_sanctum
D:3:      layout_loops_cross, xom_redecorated, st_stairs_8,
          hellmonk_guarded_unrand_hermit
D:4:      layout_basic, general_overflow_altar, kennysheep_little_box
D:5:      layout_cave_pools, uniq_duvessa
D:6:      layout_loops_ring, nicolae_vehumet_altar_sigil,
          nicolae_overflow_crystal_walls, dk_yredelemnul_ordeal, serial_shops,
          nicolae_shop_bloodbath_and_beyond, uniq_menkaure, uniq_jeremiah
D:7:      layout_basic, minmay_temple_entry_ruins, minmay_door_square
D:8:      layout_basic, nzn_wu_jian_contemplation, uniq_joseph
D:9:      minmay_tri_box, layout_loops_cross, worldfamousw_hep_ancestral_shrine,
          minmay_misc_feat_pillars, hangedman_decor_growths,
          mrwooster_statue_mirror
Temple:   zaba_magenta_temple

Skill      XL: |  1  2  3  4  5  6  7  8  9 10 |
---------------+-------------------------------+-----
Conjurations   | 2 3 4 5 |  5.0
Spellcasting   | 5 6 7 |  7.4
Invocations    | 1 2 3 4 5 6 |  6.0
Fighting       | 1 2 3 4 5 |  5.4
Short Blades   | 1 2 3 4 5 |  5.4
Long Blades    | 1 2 3 4 5 |  5.4
Axes           | 1 2 3 4 5 |  5.4
Maces & Flails | 1 2 3 4 5 |  5.4
Polearms       | 1 2 3 4 5 |  5.4
Staves         | 1 2 3 4 5 |  5.4
Ranged Weapons | 1 2 3 4 5 |  5.4
Throwing       | 1 2 3 4 5 |  5.4
Armour         | 1 2 3 4 5 |  5.4
Shields        | 1 2 3 4 5 |  5.4
Unarmed Combat | 1 2 3 4 5 |  5.4
Evocations     | 1 2 3 4 5 |  5.4
Shapeshifting  | 1 2 3 4 |  4.9
Hexes          | 1 2 3 4 |  4.4
Summonings     | 1 2 3 4 |  4.4
Necromancy     | 1 2 3 4 |  4.4
Translocations | 1 2 3 4 |  4.4
Ice Magic      | 1 2 3 4 |  4.4
Air Magic      | 1 2 3 4 |  4.4
Earth Magic    | 1 2 3 4 |  4.4
Alchemy        | 1 2 3 4 |  4.4
Dodging        | 5 6 7 |  7.2
Stealth        | 5 6 |  6.9
Fire Magic     | 6 7 |  7.1

Action                     |  1- 3 |  4- 6 |  7- 9 | 10-12 || total
---------------------------+-------+-------+-------+-------++-------
  Melee: Unarmed           |     3 |       |       |       ||     3
         War axe           |       |    11 |    10 |       ||    21
         Short sword       |       |     2 |       |       ||     2
         Bite              |       |     1 |     3 |       ||     4
         Punch             |       |       |     1 |       ||     1
         Morningstar       |       |       |    10 |       ||    10
         Flail             |       |       |       |     6 ||     6
  Throw: Boomerang         |       |       |       |     1 ||     1
   Cast: Foxfire           |    64 |   168 |   198 |    42 ||   472
         Scorch            |       |     6 |    41 |    17 ||    64
         Inner Flame       |       |     1 |    28 |     9 ||    38
         Sting             |       |       |    20 |    16 ||    36
         Vampiric Draining |       |       |       |     7 ||     7
         Frozen Ramparts   |       |       |       |     2 ||     2
         Teleport Other    |       |       |       |     1 ||     1
  Evoke: Wand              |       |       |       |     1 ||     1
    Use: Scroll            |       |     7 |     2 |       ||     9
         Potion            |       |       |     1 |     2 ||     3
   Stab: Sleeping          |       |     1 |       |       ||     1
 Armour: Leather armour    |     1 |     8 |    37 |    37 ||    83
         Robe              |     1 |       |       |       ||     1
  Dodge: Dodged            |     3 |    13 |    42 |    20 ||    78
  Block: Buckler           |       |       |       |     3 ||     3
